 Dungeon Crawl Stone Soup version 0.23.0 (webtiles) character file.

Game seed: 15494715325828890881

141 LLavrengius the Chopper (level 5, 0/46 HPs)
             Began as a Hill Orc Fighter on Feb 17, 2019.
             Slain by an orc (2 damage)
             ... on level 3 of the Dungeon.
             The game lasted 00:07:36 (1896 turns).

LLavrengius the Chopper (Hill Orc Fighter)          Turns: 1896, Time: 00:07:37

Health: 0/46       AC:  8    Str: 20      XL:     5   Next: 24%
Magic:  5/5        EV:  7    Int: 10      God:
Gold:   97         SH:  9    Dex:  8 (10) Spells: 4/4 levels left

rFire    . . .     SeeInvis .   a - +0 war axe
rCold    . . .     Gourm    .   c - +0 shield
rNeg     . . .     Faith    .   b - +0 scale mail
rPois    .         Spirit   .   (no helmet)
rElec    .         Reflect  .   (no cloak)
rCorr    .         Harm     .   q - +0 pair of gloves
MR       .....                  (no boots)
Stlth    ..........             (no amulet)
HPRegen  0.15/turn              (no ring)
MPRegen  0.09/turn              (no ring)

@: no status effects
A: hooves 1, clever 1
a: no special abilities


You were on level 3 of the Dungeon.
You were not hungry.

You visited 1 branch of the dungeon, and saw 3 of its levels.

You collected 97 gold pieces.

Inventory:

Hand Weapons
 a - a +0 war axe (weapon)
Armour
 b - a +0 scale mail (worn)
 c - a +0 shield (worn)
 j - a +0 plate armour
 q - a +0 pair of gloves (worn)
Scrolls
 e - a scroll of teleportation {unknown}
 g - 3 scrolls of remove curse {unknown}
 i - a scroll of blinking {unknown}
 k - a scroll of immolation {unknown}
 o - a scroll of enchant armour {unknown}
 r - 2 scrolls of identify {unknown}
Potions
 d - a potion of might
 h - 2 potions of curing
 l - a potion of berserk rage {unknown}
 p - 2 potions of ambrosia {unknown}
Comestibles
 f - 5 rations
 m - a chunk of flesh


   Skills:
 + Level 4.2 Fighting
 * Level 5.2 Axes
 - Level 4.0 Armour
 - Level 4.0 Shields


You had 4 spell levels left.
You didn't know any spells.
Your spell library was empty.

Dungeon Overview and Level Annotations

Branches:
Dungeon (3/15)

Altars:
Ru


Innate Abilities, Weirdness & Mutations

You have large cloven feet.
Your mind is acute. (Int +2)


Message History

You block the orc's attack.
You barely miss the orc. Your kick misses the orc.
The orc is lightly wounded.
You block the orc's attack. The orc barely misses you.
You hit the orc. You kick the orc, but do no damage.
The orc is almost dead.
The orc barely misses you.
You slash the orc!
You kill the orc!
You barely miss the orc. Your kick misses the orc. The orc closely misses you.
The orc hits you.
* * * LOW HITPOINT WARNING * * *
You closely miss the orc. The orc closely misses you.
You hit the orc. Your kick misses the orc.
The orc is moderately wounded.
You block the orc's attack.
You completely miss the orc. You kick the orc, but do no damage.
The orc is moderately wounded.
You block the orc's attack. The orc hits you.
You die...

##)# #.# #.##
#..# ##.#
#.## ## #..#
..
#######.###.#
#.....).o@..#
#.#####.###.#
#..# # ##.#
#.# #o# #..#
##o# .o


You could see an orc.

Vanquished Creatures
  An orc priest (D:3)
  Jessica (D:2)
  4 adders
  An adder skeleton (D:2)
  A worm (D:3)
  2 dart slugs (D:1)
  2 leopard geckos
  4 orcs (D:3)
  3 giant cockroaches
  2 goblins
  3 hobgoblins
  3 kobolds
  A ball python (D:3)
  5 bats
  5 frilled lizards
  3 rats
41 creatures vanquished.

Notes
Turn   | Place    | Note
-------+----------+-------------------------------------------
     0 | D:1      | LLavrengius the Hill Orc Fighter began the quest for the
                  | Orb.
     0 | D:1      | Reached XP level 1. HP: 19/19 MP: 1/1
   188 | D:1      | Reached XP level 2. HP: 27/27 MP: 2/2
   199 | D:1      | Reached skill level 3 in Axes
   484 | D:1      | You fall through a shaft!
   489 | D:2      | Found a sacrificial altar of Ru.
   525 | D:2      | Reached XP level 3. HP: 33/33 MP: 3/3
   907 | D:2      | Gained mutation: Your mind is acute. (Int +2) [potion of
                  | mutation]
   907 | D:2      | Gained mutation: You have large cloven feet. [potion of
                  | mutation]
  1095 | D:2      | Noticed Jessica
  1111 | D:2      | Killed Jessica
  1111 | D:2      | Reached skill level 4 in Axes
  1111 | D:2      | Reached XP level 4. HP: 7/40 MP: 4/4
  1887 | D:3      | HP: 2/40 [orc priest/+1 dagger of pain (3)]
  1888 | D:3      | Reached skill level 5 in Axes
  1888 | D:3      | Reached XP level 5. HP: 3/46 MP: 5/5
  1893 | D:3      | HP: 2/46 [orc (2)]
  1896 | D:3      | Slain by an orc

Skill      XL: |  1  2  3  4 |
---------------+-------------+-----
Axes           | 3 4 5 |  5.2
Fighting       | 4 |  4.2
Shields        | 4 |  4.0
Armour         | 4 |  4.0

Action                   |  1- 3 |  4- 6 || total
-------------------------+-------+-------++-------
Melee: War axe           |    93 |    71 ||   164
       Kick              |       |    10 ||    10
  Use: Potion            |     4 |       ||     4
  Eat: Chunk             |     1 |     2 ||     3
Armor: Scale mail        |    43 |    28 ||    71
Dodge: Dodged            |    35 |    22 ||    57
Block: Shield            |    70 |    34 ||   104
